 Dungeon Crawl Stone Soup version 0.28-a0-503-g83f2989fac (webtiles) character file.

Game seed: 3260021417778904245

7823 GordonOverkill the Grappler (level 11, 0/109 HPs)
             Began as a Troll Ice Elementalist on Sept 21, 2021.
             Was an Initiate of Ashenzari.
             Slain by a spatial maelstrom (13 damage)
             ... on level 1 of the Abyss.
             The game lasted 00:24:19 (10693 turns).

GordonOverkill the Grappler (TrIE)                 Turns: 10693, Time: 00:24:19

Health: 0/109      AC: 12    Str: 21    XL:     11   Next: 1%
Magic:  11/11      EV:  9    Int: 11    God:    Ashenzari [......]
Gold:   1402       SH:  0    Dex: 10    Spells: 12/12 levels left

rFire   + . .      SeeInvis .     - Unarmed
rCold   + . .      Faith    .   (no shield)
rNeg    . . .      Spirit   .   e - +3 swamp dragon scales "Astrological Pessimism" {rPois, Evo, Melee} (curse)
rPois   +          Reflect  .   (helmet restricted)
rElec   +          Harm     .   (no cloak)
rCorr   +          Rampage  .   (gloves unavailable)
Will    .....                   (boots unavailable)
Stlth   +.........              (no amulet)
HPRegen 1.28/turn               (no ring)
MPRegen 0.12/turn               (no ring)

@: resistant
A: large, unfitting armour, claws 3, regeneration 1, shaggy fur 1, tough skin 1
a: Renounce Religion, Curse Item, Shatter the Chains


You were on level 1 of the Abyss.
You worshipped Ashenzari.
Ashenzari was noncommittal.
You visited 1 branch of the dungeon, and saw 10 of its levels.
You visited the Abyss 1 time.
You also visited: Bailey.

You collected 1402 gold pieces.

Inventory:

Missiles
 c - 266 stones (quivered)
 s - 8 curare-tipped darts
Armour
 e - the cursed +3 swamp dragon scales "Astrological Pessimism" (worn) {rPois, Evo, Melee}
   (You took it off Maggie on level 8 of the Dungeon)

   rPois:     It protects you from poison.
   It has a curse which improves the following skills: Evocations: Evocations.
   Melee Combat: Short Blades, Long Blades, Axes, Maces & Flails, Polearms,
   Staves and Unarmed Combat.
Wands
 j - a wand of iceblast (7)
 p - a wand of flame (9)
 u - a wand of digging (5)
Scrolls
 b - 6 scrolls of enchant weapon
 d - a scroll of fear
 k - a scroll of summoning
 l - a scroll of teleportation
 m - a scroll of fog
Potions
 f - 2 potions of flight
 g - 2 potions of resistance
 i - 2 potions of brilliance
 n - a potion of might
 q - a potion of magic
 r - 3 potions of mutation
 t - a potion of lignification
Miscellaneous
 a - a phial of floods (inert)


   Skills:
 + Level 7.2 Fighting
 - Level 2.0 Throwing
 - Level 4.0 Dodging
 - Level 1.0 Stealth
 * Level 12.0(12.4) Unarmed Combat
 - Level 1.2 Spellcasting
 - Level 2.9 Ice Magic
 - Level 4.4(5.0) Evocations


You had 12 spell levels left.
You didn't know any spells.
Your spell library contained the following spells:

 Spells                   Type           Power      Damage    Failure   Level
 Freeze                   Ice            28%        1d5       16%         1
 Frozen Ramparts          Ice            14%        1d3       43%         3
 Ozocubu's Armour         Ice            7%         N/A       43%         3
 Corpse Rot               Necr/Air       N/A        N/A       63%         2
 Passwall                 Tmut/Erth      0%         N/A       63%         2
 Poisonous Vapours        Pois/Air       0%         N/A       63%         2
 Swiftness                Air            0%         N/A       85%         3
 Hailstorm                Conj/Ice       3%         3d3       96%         4
 Freezing Cloud           Conj/Ice/Air   1%         6-21      100%        5
 Invisibility             Hex            0%         N/A       100%        6
 Simulacrum               Ice/Necr       1%         N/A       100%        6
 Polar Vortex             Ice            3%         N/A       100%        9


Dungeon Overview and Level Annotations

Branches:
Dungeon (10/15)            Temple (0/1) D:5             Orc (0/2) D:9
 Bailey (visited)
   Lair: D:8-11

Altars:
Ashenzari
Fedhas
Gozag
Wu Jian
Yredelemnul
The Shining One

Annotations:
D:2 Sigmund
D:10 Erolcha


Innate Abilities, Weirdness & Mutations

You are too large for most types of armour.
You have claws for hands.
Your natural rate of healing is unusually fast.
You are covered in fur. (AC +1)
You have tough skin. (AC +1)


Message History

You closely miss the rakshasa.
The rakshasa is moderately wounded.
You scratch the rakshasa.
The rakshasa is moderately wounded.
The rakshasa barely misses you.
You completely miss the rakshasa.
The rakshasa is moderately wounded.
The rakshasa hits you with a +0 trident!
* * * LOW HITPOINT WARNING * * *
You claw the rakshasa!
The rakshasa is moderately wounded.
The rakshasa hits you with a +0 trident!!
* * * LOW HITPOINT WARNING * * *
Okay, then.
Blink to where?
Press: ? - help, Dir - move target
As you read the scroll of blinking, it crumbles to dust.
The rakshasa blinks!
Okay, then.
Found a +0 robe.
Found 42 gold pieces.
Found a +3 short sword of speed.
You see here 42 gold pieces.
The rakshasa gestures at you. The lance of force hits you!!
* * * LOW HITPOINT WARNING * * *
You are knocked back by the lance of force.
You slam into the rock wall!
* * * LOW HITPOINT WARNING * * *
You feel protected.
Blink to where?
Press: ? - help, Dir - move target 8 spatial vortices and a spatial maelstrom come into view.
As you read the scroll of blinking, it crumbles to dust.
A spatial vortex comes into view.
A spatial vortex comes into view.
The spatial maelstrom hits you!
* * * LOW HITPOINT WARNING * * *
The spatial maelstrom hits you!
You die...

...#.. .... .....#..#
....## #..##..#. #.#
..#...##..#.....##.# .
#.#......###...v...###.#
#.$#......#..........
##.##.#...v..#.##..#.
##..R...###.........#
#..#.#### ##..vv#.## #
#ยง.# ##.@#.# ####
###.#.. ## .


You could see a spatial maelstrom and 3 spatial vortices.

Vanquished Creatures
  A sixfirhy (Abyss:1)
  A large abomination (Abyss:1)
  An orc knight (Bailey)
  A deep elf zephyrmancer (D:9)
  Maggie (D:8)
  A troll (D:7)
  3 yaks
  A warg (D:9)
  5 water moccasins
  2 hornet zombies
  12 orc warriors
  2 black bears
  3 ogres
  A centaur (D:8)
  2 kobold brigands
  3 bullfrogs (D:7)
  A gnoll sergeant (D:9)
  3 scorpions (D:5)
  7 killer bees
  3 howler monkeys
  3 centaur zombies
  A bullfrog zombie (D:7)
  A jelly (D:8)
  2 hounds
  4 orc priests
  2 bullfrog skeletons
  4 iguanas
  8 orc wizards
  A scorpion zombie (D:5)
  A killer bee zombie (D:8)
  7 gnolls
  6 adders
  A white imp (D:7)
  A worm (D:4)
  A dart slug (D:1)
  70 orcs
  12 ball pythons
  4 bats
  2 endoplasms (D:4)
  6 hobgoblins
  3 jackals (D:2)
  4 quokkas
  3 frilled lizards
  8 goblins
  13 kobolds
  3 rats
225 creatures vanquished.

Vanquished Creatures (collateral kills)
  An orc knight (Bailey)
  An orc (Bailey)
2 creatures vanquished.

Vanquished Creatures (others)
  2 flying skulls (Abyss:1)
  A lurking horror (Abyss:1)
3 creatures vanquished.

Grand Total: 230 creatures vanquished

Notes
Turn   | Place    | Note
-------+----------+-------------------------------------------
     0 | D:1      | GordonOverkill the Troll Ice Elementalist began the quest
                  | for the Orb.
     0 | D:1      | Reached XP level 1. HP: 16/16 MP: 1/1
   171 | D:1      | Found a faded altar of an unknown god.
   219 | D:1      | Reached skill level 1 in Unarmed Combat
   241 | D:1      | Reached XP level 2. HP: 26/26 MP: 2/2
   895 | D:2      | Noticed Sigmund
   996 | D:1      | Reached skill level 1 in Fighting
   996 | D:1      | Reached skill level 2 in Unarmed Combat
  1001 | D:1      | Reached XP level 3. HP: 23/33 MP: 3/3
  1633 | D:2      | Reached XP level 4. HP: 41/41 MP: 4/4
  1654 | D:2      | Reached skill level 3 in Unarmed Combat
  2138 | D:2      | You fall into a shaft and drop 2 floors!
  2300 | D:3      | Found a broken altar of Ashenzari.
  2311 | D:3      | Became a worshipper of Ashenzari the Shackled
  2481 | D:3      | Reached XP level 5. HP: 43/49 MP: 5/5
  2536 | D:3      | Found an opulent altar of Gozag.
  3277 | D:4      | Noticed a black bear
  3287 | D:4      | Killed a black bear
  3288 | D:4      | Reached skill level 4 in Unarmed Combat
  3393 | D:4      | Reached XP level 6. HP: 53/59 MP: 6/6
  3582 | D:4      | Reached skill level 5 in Unarmed Combat
  3877 | D:5      | Entered Level 5 of the Dungeon
  4013 | D:5      | Reached skill level 6 in Unarmed Combat
  4013 | D:5      | Reached XP level 7. HP: 60/67 MP: 7/7
  4667 | D:5      | Reached skill level 7 in Unarmed Combat
  4743 | D:5      | Found a staircase to the Ecumenical Temple.
  5111 | D:6      | Reached XP level 8. HP: 63/78 MP: 8/8
  5570 | D:6      | Reached skill level 8 in Unarmed Combat
  6032 | D:7      | Reached skill level 1 in Evocations
  6783 | D:7      | Reached skill level 5 in Fighting
  6921 | D:7      | Noticed a troll
  6925 | D:7      | Killed a troll
  6926 | D:7      | Reached skill level 9 in Unarmed Combat
  7071 | D:7      | Reached XP level 9. HP: 88/88 MP: 9/9
  7408 | D:7      | Found a blossoming altar of Fedhas.
  8067 | D:8      | Noticed Maggie
  8092 | D:8      | Killed Maggie
  8093 | D:8      | Reached skill level 10 in Unarmed Combat
  8271 | D:9      | Noticed a deep elf zephyrmancer
  8280 | D:9      | Killed a deep elf zephyrmancer
  8361 | D:9      | Found a staircase to the Orcish Mines.
  8599 | D:9      | Found a basalt altar of Yredelemnul.
  8637 | D:9      | Reached XP level 10. HP: 96/98 MP: 10/10
  8658 | D:9      | Found a glowing golden altar of the Shining One.
  8670 | D:9      | Found a flagged portal.
  8710 | Bailey   | Entered a bailey
  8914 | Bailey   | Identified a scroll of acquirement
  9141 | Bailey   | Noticed an orc knight
  9142 | Bailey   | Acquired 693 gold pieces
  9179 | Bailey   | Killed an orc knight
  9180 | Bailey   | Reached skill level 11 in Unarmed Combat
  9242 | Bailey   | Noticed an orc knight
  9286 | Bailey   | Killed an orc knight
  9705 | D:8      | Found an ornate altar of the Wu Jian Council.
 10370 | D:10     | Entered Level 10 of the Dungeon
 10415 | D:10     | Reached skill level 1 in Throwing
 10474 | D:10     | Noticed Erolcha
 10474 | D:10     | Cast into level 1 of the Abyss (Erolcha)
 10503 | Abyss:1  | Noticed a large abomination
 10509 | Abyss:1  | Noticed an orange demon
 10532 | Abyss:1  | Found a corrupted altar of Lugonu.
 10575 | Abyss:1  | Noticed a sixfirhy
 10577 | Abyss:1  | Killed a sixfirhy
 10627 | Abyss:1  | Noticed a rakshasa
 10630 | Abyss:1  | Noticed a large abomination
 10642 | Abyss:1  | Killed a large abomination
 10643 | Abyss:1  | Reached skill level 12 in Unarmed Combat
 10643 | Abyss:1  | Reached XP level 11. HP: 70/109 MP: 11/11
 10651 | Abyss:1  | HP: 4/109 [rakshasa (14)]
 10688 | Abyss:1  | Noticed a spatial maelstrom
 10693 | Abyss:1  | Slain by a spatial maelstrom

Illustrated notes

Levels and vault maps discovered:
D:1:      shiori_arrival_elements, layout_basic,
          hellmonk_ecumenical_altar_run_dry, minivault_25, grunt_decor_cap
D:2:      layout_basic, uniq_sigmund
D:3:      layout_loops_ring, mainiacjoe_overflow_small_starburst,
          mainiacjoe_overflow_boulevard
D:4:      layout_cave_pods, kennysheep_nub, kennysheep_cross_bottleneck
D:5:      layout_basic, minmay_temple_entry_butterflies
D:6:      layout_loops_ring
D:7:      layout_loops_ring, mainiacjoe_overflow_brackets, grunt_ministairs_15
D:8:      layout_cave_pods, mainiacjoe_overflow_paths, uniq_maggie
D:9:      layout_rooms, kennysheep_little_box, nicolae_overflow_crystal_walls,
          david_orc_3, enter_bailey_5, guppyfry_early_elven_hall
D:10:     layout_layer_cave, uniq_erolcha, uniq_grum
Abyss:1:  base: D:9, evilmike_abyss_exit_16, hangedman_eye_storm,
          lemuel_flamethrower_hall

Skill      XL: |  1  2  3  4  5  6  7  8  9 10 |
---------------+-------------------------------+-----
Unarmed Combat | 1 2 3 4 6 7 9 10 12 | 12.0
Fighting       | 1 2 3 4 5 6 7 |  7.2
Evocations     | 2 3 4 |  4.4
Dodging        | 3 4 |  4.0
Throwing       | 2 |  2.0
Stealth        | |  1.0
Spellcasting   | |  1.2
Ice Magic      | |  2.9

Action                   |  1- 3 |  4- 6 |  7- 9 | 10-12 || total
-------------------------+-------+-------+-------+-------++-------
Melee: Unarmed           |   110 |   139 |   307 |   217 ||   773
       Punch             |       |       |     9 |     6 ||    15
Throw: Stone             |     2 |       |     2 |       ||     4
Invok: Curse Item        |       |     1 |       |     1 ||     2
       Shatter the Chain |       |       |     1 |       ||     1
Evoke: Wand              |       |       |     1 |     8 ||     9
       Phial of floods   |       |       |     1 |       ||     1
  Use: Scroll            |       |     2 |     3 |     8 ||    13
       Potion            |       |       |     6 |     5 ||    11
 Stab: Sleeping          |     2 |     3 |     2 |       ||     7
       Distracted        |       |       |     1 |       ||     1
       Paralysed         |       |       |     2 |     7 ||     9
Armor: Robe              |    33 |    37 |    44 |       ||   114
       Swamp dragon scal |       |       |    52 |   114 ||   166
Dodge: Dodged            |    54 |    44 |   136 |   131 ||   365

Table legend: (Time is in decaauts)
 A = Elapsed time spent in this place.
 B = Non-inter-level travel time spent in this place.
 C = Inter-level travel time spent in this place.
 D = Time resting spent in this place.
 E = Time spent auto-exploring this place.
 F = Levels seen in this place.
 G = Mean time per level.
                   A        B        C        D        E       F      G
               +--------+--------+--------+--------+--------+-----+--------+
         Total |  10574 |  10009 |    565 |   1636 |   5673 |  12 |  881.2 |
       Dungeon |   9669 |   9104 |    565 |   1463 |   5673 |  10 |  966.9 |
         Abyss |    215 |    215 |      0 |     39 |      0 |   1 |  215.0 |
        Bailey |    690 |    690 |      0 |    134 |      0 |   1 |  690.0 |
               +--------+--------+--------+--------+--------+-----+--------+

Top non-repeatable levels by time:
     D:6: 1706 daAuts
     D:2: 1298 daAuts
     D:7: 1121 daAuts
     D:8: 1112 daAuts
     D:5: 1036 daAuts
     D:1: 1011 daAuts
     D:4: 867 daAuts
     D:9: 758 daAuts
  Bailey: 690 daAuts
     D:3: 689 daAuts
 Abyss:1: 215 daAuts
    D:10: 67 daAuts
